Map: Séquenceur EC

Players

Hutulu - Winner!

  • Race: Zerg Zerg
  • League: Gold
  • Spawn Location: 7:00

zidar

  • Race: Zerg Zerg
  • League: Gold
  • Spawn Location: 1:00

VOD

Have the link to the VOD?

Description

Time

  • Played on: June 28, 2017, 11:54 a.m.
  • Length: 4:39
Show
View Real Time Build Order
Export as new Build Order

Hutulu Zerg - Winner!

Build Orders: Pool Only 

Get SALT Encoding   

  12  0:01  Drone  
  13  0:22  Spawning Pool  
  13  0:27  Extractor  
  11  0:29  Drone  
  11  0:34  Drone  
  13  0:38  Drone  
  14  0:52  Overlord  
  14  1:10  Queen  
  16  1:12  Zergling x4  
  18  1:23  Zergling x2  
  19  1:36  Zergling x2  
  19  1:37  Zergling x2  
  21  1:43  Metabolic Boost  
  21  1:55  Zergling x2  
  22  2:12  Overlord  
  22  2:13  Overlord  
  22  2:35  Spine Crawler  
  22  2:37  Zergling x6  
  22  2:45  Zergling x2  
  23  2:56  Zergling x2  
  22  3:07  Zergling x2  
  23  3:23  Zergling x8  
  27  3:31  Zergling x2  
  27  3:54  Zergling x6  
  27  3:55  Zergling x2  
  24  4:03  Zergling x2  
  24  4:07  Spine Crawler  
Show
View Real Time Build Order
Export as new Build Order

zidar Zerg 

Build Orders: Pool First 

Get SALT Encoding   

  12  0:01  Drone  
  13  0:12  Overlord  
  13  0:17  Drone  
  14  0:30  Drone  
  14  0:31  Drone  
  16  0:43  Spawning Pool  
  16  0:48  Drone  
  16  1:13  Hatchery  
  16  1:15  Drone  
  16  1:18  Extractor  
  16  1:21  Drone  
  16  1:32  Queen  
  17  1:44  Zergling x4  
  19  1:56  Zergling x4  
  21  2:10  Baneling Nest  
  21  2:12  Zergling x2  
  21  2:31  Zergling x6  
  20  2:47  Zergling x4  
  20  2:48  Zergling x8  
  22  3:25  Zergling x12  
  20  3:44  Baneling  
  17  4:03  Overlord  
  17  4:09  Baneling  
Tags
 
League
GoldGold
Matchup
ZvZ
Race
Zerg
Spawn Locations
Cross Positions
Add a new tag
Caveats
  • Supply blocks, unpowered buildings, or Contaminate may cause inaccurate times.
  • Supply counts are checked every 10 seconds.